 Dungeon Crawl Stone Soup version 0.28.0-53-g5a82cb258f (webtiles) character file.

Game seed: 14311783432002413163

385 Sin92 the Skirmisher (level 6, -1/72 HPs)
             Began as a Demonspawn Fighter on June 30, 2022.
             Slain by Menkaure (13 damage)
             ... on level 4 of the Dungeon.
             The game lasted 00:08:29 (3063 turns).

Sin92 the Skirmisher (Demonspawn Fighter)           Turns: 3063, Time: 00:08:30

Health: -1/72      AC:  9    Str: 18    XL:     6   Next: 48%
Magic:  6/6        EV:  9    Int: 10    God:
Gold:   159        SH:  9    Dex: 12    Spells: 5/5 levels left

rFire   . . .      SeeInvis .   o - +4 mace
rCold   . . .      Faith    .   c - +1 buckler
rNeg    . . .      Spirit   .   b - +0 scale mail
rPois   .          Reflect  .   (helmet restricted)
rElec   .          Harm     .   (no cloak)
rCorr   .          Rampage  .   (no gloves)
Will    .....                   (no boots)
Stlth   ..........              e - amulet of regeneration
HPRegen 1.02/turn               (no ring)
MPRegen 0.10/turn               (no ring)

@: mighty, berserking (expiring), very quick
A: antennae 1, yellow scales 1, powered by death 1, condensation shield
a: no special abilities


You were on level 4 of the Dungeon.
You visited 1 branch of the dungeon, and saw 4 of its levels.

You collected 159 gold pieces.

Inventory:

Hand Weapons
 a - a +1 war axe
 o - a +4 mace (weapon)
Armour
 b - a +0 scale mail (worn)
 c - a +1 buckler (worn)
Jewellery
 e - an amulet of regeneration (around neck)
 f - a ring of ice
 g - a ring of wizardry
Potions
 i - a potion of cancellation
 j - a potion of mutation
 l - a potion of attraction


   Skills:
 + Level 4.2 Fighting
 - Level 3.2(3.6) Axes
 * Level 2.3(3.2) Maces & Flails
 + Level 3.8 Armour
 + Level 3.8 Shields


You had 5 spell levels left.
You didn't know any spells.
Your spell library contained the following spells:

 Spells                   Type           Power      Damage    Failure   Level
 Magic Dart               Conj           0%         1d3       83%         1
 Pain                     Necr           0%         1d4       83%         1
 Call Imp                 Summ           0%         N/A       93%         2
 Mephitic Cloud           Conj/Pois/Air  0%         N/A       99%         3
 Agony                    Necr           0%         N/A       100%        5
 Excruciating Wounds      Necr           0%         N/A       100%        5


Dungeon Overview and Level Annotations

Branches:
Dungeon (4/15)
 Temple: D:4-7

Altars:
Dithmenos
Kikubaaqudgha
Makhleb
Nemelex Xobeh
Sif Muna
Uskayaw
Wu Jian

Annotations:
D:4 Ijyb, Menkaure


Innate Abilities, Weirdness & Mutations

You have a pair of small antennae on your head.
You are partially covered in yellow scales. (AC +2)
You regenerate a little health from kills.
A meltable shield of frost defends you. (SH +4)


Message History

Menkaure is nearby!
An adder comes into view.
The adder hisses angrily.
Menkaure giggles, "These cerements are ticklish..."
Menkaure calls on the powers of darkness!
The hobgoblin convulses!
Your body is wracked with pain!
There are monsters nearby!
Menkaure gestures at you while chanting.
Pain shoots through your body!
The hobgoblin hits you but does no damage.
There are monsters nearby!
You are too injured to fight recklessly!
Unknown command.
Menkaure calls on the powers of darkness!
The adder convulses!
The hobgoblin convulses!
Your body is wracked with pain!
* * * LOW HITPOINT WARNING * * *
You aren't carrying any scrolls.
It was a potion of heal wounds.
You feel much better.
The hobgoblin hits you but does no damage.
Menkaure calls on the powers of darkness!
The adder convulses!
Your body is wracked with pain!
You feel very mighty all of a sudden. The hobgoblin barely misses you.
A red film seems to cover your vision as you go berserk!
You feel yourself moving faster!
You feel mighty! The hobgoblin hits you.
You sock the hobgoblin!
You kill the hobgoblin!
You thump the adder!
You kill the adder!
Menkaure calls on the powers of darkness!
Your body is wracked with pain!
* * * LOW HITPOINT WARNING * * *
Menkaure calls on the powers of darkness!
Your body is wracked with pain!
* * * LOW HITPOINT WARNING * * *
You see here an adder corpse.
You feel a strong urge to attack something.
Menkaure completely misses you.
You barely miss Menkaure. Menkaure hits you!
You die...

#######. ###...### .#
#......(# .# #.......
.# #...... .# .....#
.# #...# .# #.# .#
#M# g# #@# .##### #†#
.....# #.# .###.# #.#
.###.# #.#### .....#
#....#
####.###########(##.#
#....g........##.#
#.##############.#


You could see Menkaure (fast).

Vanquished Creatures
  An ogre (D:4)
  A howler monkey (D:3)
  3 orc wizards
  A hound zombie (D:3)
  3 gnolls (D:4)
  9 adders
  A worm (D:3)
  A dart slug (D:4)
  4 orcs
  3 bats
  4 endoplasms
  3 giant cockroaches
  8 goblins
  7 hobgoblins
  3 jackals (D:3)
  7 kobolds
  2 quokkas
  5 ball pythons
  3 frilled lizards (D:2)
  2 rats
71 creatures vanquished.

Notes
Turn   | Place    | Note
-------+----------+-------------------------------------------
     0 | D:1      | Sin92 the Demonspawn Fighter began the quest for the Orb.
     0 | D:1      | Reached XP level 1. HP: 18/18 MP: 1/1
     3 | D:1      | Noticed an electric eel
     4 | D:1      | Noticed an electric eel
   524 | D:1      | Gained mutation: You are partially covered in yellow
                  | scales. (AC +2) [demonic ancestry]
   524 | D:1      | Reached XP level 2. HP: 23/24 MP: 2/2
   539 | D:1      | Found a faded altar of an unknown god.
   543 | D:1      | Got Plato's Compendium of Stolen Souls
  1419 | D:2      | Gained mutation: You regenerate a little health from kills.
                  | [demonic ancestry]
  1419 | D:2      | Reached XP level 3. HP: 29/29 MP: 3/3
  2018 | D:3      | Gained mutation: A meltable shield of frost defends you.
                  | (SH +4) [demonic ancestry]
  2018 | D:3      | Reached XP level 4. HP: 35/35 MP: 4/4
  2160 | D:3      | Reached XP level 5. HP: 42/42 MP: 5/5
  2616 | D:4      | Reached skill level 1 in Maces & Flails
  2660 | D:3      | Reached skill level 4 in Fighting
  2751 | D:4      | Gained mutation: You have a pair of small antennae on your
                  | head. [demonic ancestry]
  2751 | D:4      | Reached XP level 6. HP: 48/48 MP: 6/6
  2830 | D:4      | Found a shadowy altar of Dithmenos.
  2852 | D:4      | Found a burning altar of Makhleb.
  2856 | D:4      | Found a hide-covered altar of Uskayaw.
  2859 | D:4      | Found an ancient bone altar of Kikubaaqudgha.
  2861 | D:4      | Found a sparkling altar of Nemelex Xobeh.
  2863 | D:4      | Found an ornate altar of the Wu Jian Council.
  2866 | D:4      | Found a shimmering blue altar of Sif Muna.
  2959 | D:4      | Noticed Ijyb
  3048 | D:4      | Noticed Menkaure
  3063 | D:4      | Slain by Menkaure

Illustrated notes

Levels and vault maps discovered:
D:1:      arrival_aquarium_b, layout_loops_corners,
          shapermc_ecumenical_altar_rom_forum, serial_rivers,
          chequers_serial_rivers_micro_c, chequers_serial_rivers_micro_a,
          chequers_serial_rivers_large_b, chequers_serial_rivers_small_3,
          chequers_serial_rivers_small_b, chequers_serial_rivers_small_b
D:2:      layout_rooms
D:3:      layout_rooms
D:4:      layout_loops_ring, nicolae_overflow_hallway_of_the_gods, uniq_ijyb,
          uniq_menkaure

Skill      XL: |  1  2  3  4  5  6 |
---------------+-------------------+-----
Axes           | 2 3 |  3.2
Armour         | 3 |  3.8
Shields        | 3 |  3.8
Maces & Flails | 1 2 |  2.3
Fighting       | 4 |  4.2

Action                   |  1- 3 |  4- 6 || total
-------------------------+-------+-------++-------
Melee: War axe           |    91 |    55 ||   146
       Mace              |       |    78 ||    78
       Unarmed           |       |    17 ||    17
  Use: Scroll            |     4 |     9 ||    13
       Potion            |       |     3 ||     3
Armor: Scale mail        |    55 |    48 ||   103
Dodge: Dodged            |    35 |    48 ||    83
Block: Buckler           |    18 |    61 ||    79
       Other             |       |     1 ||     1
